 Dungeon Crawl Stone Soup version 0.26-a0-597-gb535b0901c (webtiles) character file.

Game seed: 12953199817065458139

177889 GeoCrane the Bludgeoner (level 18, -1/84 HPs)
             Began as a Gargoyle Fighter on Aug 24, 2020.
             Was the Champion of Okawaru.
             Slain by a deep elf blademaster
             ... wielding a +1 short sword of freezing
              (2 damage)
             ... on level 3 of the Abyss on Aug 25, 2020.
             The game lasted 03:59:57 (42434 turns).

GeoCrane the Bludgeoner (Gargoyle Fighter)         Turns: 42434, Time: 03:59:58

Health: -1/84      AC: 36    Str: 31    XL:     18   Next: 18%
Magic:  13/13      EV: 10    Int:  6    God:    Okawaru [******]
Gold:   3910       SH:  7    Dex:  5    Spells: 17/17 levels left

rFire    . . .     SeeInvis +   a - +4 eveningstar of the Magi {protect, +Rage +Inv Str+5 Int-3}
rCold    . . .     Faith    +   j - +1 buckler {reflect}
rNeg     + + .     Spirit   .   e - +5 scale mail "Zealae" {+Inv MR+}
rPois    ∞         Reflect  +   K - +2 helmet {SInv}
rElec    +         Harm     .   L - +2 cloak {Stlth+}
rCorr    +         Rnd*Rage +   (no gloves)
MR       +++..                  y - +2 pair of boots "Igomn" {MR+}
Stlth    ..........             v - amulet of faith
HPRegen  0.24/turn              C - ring of resist corrosion
MPRegen  0.13/turn              A - ring of positive energy

@: about to teleport, flying, studying Shields
A: big wings, [berserk 3], [blurry vision 3], clever 1, [clumsy 2], [deformed
body], [dopey 2], [frail 3], [low mp 3], negative energy resistance 1,
electricity resistance, unbreathing, petrification resistance, rot immunity,
[subdued magic 2], MP-powered wands, AC +13
a: Stop Flying, Heroism, Finesse, Renounce Religion, Evoke Berserk Rage, Evoke
Invisibility


You were on level 3 of the Abyss.
You worshipped Okawaru.
Okawaru was exalted by your worship.
You visited 7 branches of the dungeon, and saw 31 of its levels.
You visited the Abyss 2 times.
You also visited: Sewer and Ice Cave.

You collected 4200 gold pieces.
You spent 290 gold pieces at shops.

Inventory:

Hand Weapons
 a - the +4 eveningstar of the Magi (weapon) {protect, +Rage +Inv Str+5 Int-3}
   (Okawaru gifted it to you on level 1 of the Swamp)

   It grants its wielder temporary protection when it strikes (+7 to AC).
   It affects your strength (+5).
   It affects your intelligence (-3).
   It lets you turn invisible.
   It lets you go berserk.
 R - the +0 mace of Gravity {vorpal, rF++ MR+}
   (You found it on level 1 of the Swamp)

   It inflicts extra damage upon your enemies.
   It greatly protects you from fire.
   It affects your resistance to hostile enchantments.
Missiles
 w - 4 boomerangs (quivered)
 O - 4 boomerangs of dispersal
 P - 5 datura-tipped darts
Armour
 e - the +5 scale mail "Zealae" (worn) {+Inv MR+}
   (You found it on level 1 of the Snake Pit)

   It affects your resistance to hostile enchantments.
   It lets you turn invisible.
 j - a +1 buckler of reflection (worn)
 t - a +2 plate armour of poison resistance
 y - the +2 pair of boots "Igomn" (worn) {MR+}
   (Okawaru gifted it to you on level 12 of the Dungeon)

   It affects your resistance to hostile enchantments.
 K - a +2 helmet of see invisible (worn)
 L - a +2 cloak of stealth (worn)
Jewellery
 v - an amulet of faith (around neck)
 A - a ring of positive energy (right hand)
 C - a ring of resist corrosion (left hand)
Wands
 b - a wand of enslavement (29)
 c - a wand of disintegration (6)
 n - a wand of random effects (18)
 p - a wand of iceblast (18)
 B - a wand of acid (19)
 F - a wand of flame (11)
 G - a wand of polymorph (24)
 J - a wand of paralysis (10)
 W - a wand of digging (17)
Scrolls
 g - 8 scrolls of remove curse
 i - 2 scrolls of blinking
 l - 7 scrolls of teleportation
 u - 4 scrolls of fear
 x - 19 scrolls of identify
 M - 2 scrolls of immolation
Potions
 d - a potion of ambrosia
 f - 3 potions of brilliance
 h - 8 potions of lignification
 k - 15 potions of curing
 m - 9 potions of haste
 q - 5 potions of resistance
 r - 2 potions of heal wounds
 s - 4 potions of magic
 S - 3 potions of berserk rage
 T - 2 potions of might
 U - 3 potions of cancellation
Books
 o - a manual of Shields
Miscellaneous
 D - a condenser vane (1/2)
 H - a tin of tremorstones (3/3)


   Skills:
 + Level 15.8 Fighting
 + Level 17.7 Maces & Flails
 + Level 9.3 Throwing
 * Level 14.9 Armour
 + Level 13.1 Shields
 - Level 2.5 Invocations
 + Level 9.2 Evocations


You had 17 spell levels left.
You didn't know any spells.
Your spell library contained the following spells:

 Spells                   Type           Power        Failure   Level
 Apportation              Tloc           #.....       54%         1
 Corona                   Hex            #......      54%         1
 Foxfire                  Conj/Fire      #...         54%         1
 Magic Dart               Conj           #...         54%         1
 Shock                    Conj/Air       #...         54%         1
 Summon Small Mammal      Summ           #...         54%         1
 Blink                    Tloc           N/A          69%         2
 Call Imp                 Summ           #.......     69%         2
 Corpse Rot               Necr/Air       N/A          69%         2
 Ensorcelled Hibernation  Hex/Ice        #.....       69%         2
 Poisonous Vapours        Pois/Air       #.....       69%         2
 Searing Ray              Conj           #.....       69%         2
 Slow                     Hex            #.......     69%         2
 Call Canine Familiar     Summ           #.......     90%         3
 Confusing Touch          Hex            #.......     90%         3
 Conjure Flame            Conj/Fire      #.......     90%         3
 Dazzling Flash           Conj/Hex       #.....       90%         3
 Gell's Gravitas          Tloc           #.........   90%         3
 Inner Flame              Hex/Fire       #.......     90%         3
 Lesser Beckoning         Tloc           #.........   90%         3
 Mephitic Cloud           Conj/Pois/Air  #.......     90%         3
 Portal Projectile        Hex/Tloc       #.....       90%         3
 Summon Guardian Golem    Hex/Summ       #.......     90%         3
 Tukima's Dance           Hex            #.......     90%         3
 Cause Fear               Hex            #.........   100%        4
 Dispel Undead            Necr           #.......     100%        4
 Fulminant Prism          Conj/Hex       #.........   100%        4
 Iskenderun's Mystic Bla  Conj/Tloc      #.......     100%        4
 Leda's Liquefaction      Hex/Erth       #.........   100%        4
 Petrify                  Tmut/Erth      #.......     100%        4
 Sticky Flame             Conj/Fire      #.......     100%        4
 Summon Ice Beast         Ice/Summ       #.......     100%        4
 Summon Lightning Spire   Summ/Air       #.......     100%        4
 Agony                    Necr           #.......     100%        5
 Alistair's Intoxication  Tmut/Pois      #........    100%        5
 Excruciating Wounds      Necr           #.........   100%        5
 Fireball                 Conj/Fire      #.........   100%        5
 Irradiate                Conj/Tmut      #.........   100%        5
 Metabolic Englaciation   Hex/Ice        #.........   100%        5
 Silence                  Hex/Air        #.........   100%        5
 Yara's Violent Unravell  Hex/Tmut       #.........   100%        5
 Conjure Ball Lightning   Conj/Air       #.........   100%        6
 Freezing Cloud           Conj/Ice/Air   #.........   100%        6
 Hydra Form               Tmut           #.........   100%        6
 Invisibility             Hex            #.......     100%        6
 Starburst                Conj/Fire      #.........   100%        6
 Dragon Form              Tmut           #.........   100%        7
 Tornado                  Air            #.........   100%        9
 Sublimation of Blood     Necr           Unusable     N/A         2
 Statue Form              Tmut/Erth      Unusable     N/A         6

Dungeon Overview and Level Annotations

Branches:
Dungeon (15/15) Temple (1/1) D:4 Lair (6/6) D:11 Swamp (4/4) Lair:4 Snake (1/4) Lair:4 Slime (0/5) Lair:6 Orc (2/2) D:9 Elf (2/3) Orc:2 Vaults (0/5) D:13 D:14 Depths (0/5) D:15 Sewer (visited) IceCv (visited)

Altars:
Ashenzari
Cheibriados
Dithmenos
Elyvilon
Fedhas
Gozag
Hepliaklqana
Kikubaaqudgha
Makhleb
Nemelex Xobeh
Okawaru
Qazlal
Ru
Sif Muna
Trog
Uskayaw
Vehumet
Wu Jian
Xom
Yredelemnul
Zin
The Shining One
Beogh

Shops:
D:5 [   D:7 *   D:12 (*   D:14 *   Orc:2 [(*}

Portals:
Abyss: D:13

Annotations:
D:13 2 transporters, Hecam's ghost, novice TeWz
D:15 3 runed translucent doors, Deruyraw's ghost, journeyman GrEE
Swamp:1 Laurphith's ghost, adept DsAK
Swamp:4 Mara
Elf:2 2 runed translucent doors


Innate Abilities, Weirdness & Mutations

You are resistant to torment.
Your stone body is resilient. (AC +13)
You are immune to poison.
Your large and strong wings let you fly indefinitely.
You resist negative energy. (rN+)
You are resistant to electric shocks. (rElec)
You can survive without breathing.
You are immune to petrification.
You are immune to rotting.
Your mind is acute. (Int +2)
You expend magic power (3 MP) to strengthen your wands.
[You have an uncontrollable temper.]
[Scrolls take you much longer to read.]
[You are very clumsy. (Dex -4)]
[Armour fits poorly on your strangely shaped body.]
[You are very dopey. (Int -4)]
[You are extremely frail. (-30% HP)]
[Your magical capacity is extremely low. (-30% MP)]
[Your spells are easier to cast, but less powerful.]


Message History

The worldbinder hits you but does no damage. x2
A starcursed mass splits.
You continue reading the scroll.
You block the mana viper's attack.
The deep elf blademaster hits you with a +1 short sword of freezing!
* * * LOW HITPOINT WARNING * * *
The deep elf blademaster freezes you.
* * * LOW HITPOINT WARNING * * *
The deep elf blademaster hits you but does no damage.
The starcursed mass barely misses you.
A deafening chorus of shrieks assaults your mind!
* * * LOW HITPOINT WARNING * * *
The worldbinder hits you but does no damage. x2
The jumping spider leaps!
The ironheart preserver hits you but does no damage.
The mana viper bites you but does no damage.
The deep elf blademaster hits you with a +1 short sword of freezing.
* * * LOW HITPOINT WARNING * * *
The deep elf blademaster freezes you.
You die...

...... ##
.....## .#..
..#.... ..#.#
X......
....v###hv...
....NccvXX.#..#
....xv3XXhXX...
...cvep@##
.#..#vxeS#
##vYS# # #xx###
#.# #xN#.#. .#
. #♣°E........
#R≈T.. .....
#.♣R.#x......
#e♣≈ .##....


You could see 6 starcursed masses, a dire elephant (sheltered), an ironheart
preserver (summoned), 2 deep elf blademasters, 2 spatial maelstroms, 2
rakshasas, a satyr (sheltered), a deep troll shaped shifter (sheltered), 5
spatial vortices, a large abomination (sheltered), a mana viper (summoned,
sheltered), 2 yaktaurs, a water elemental (sheltered), 4 worldbinders, a black
mamba (summoned, sheltered), a sixfirhy (sheltered), 2 raiju, 2 nagas and a
small abomination (sheltered).

Vanquished Creatures
  A tentacled starspawn (Abyss:3)
  2 thorn hunters
  Kirke (Lair:5)
  An orc warlord (Orc:1)
  A deep elf demonologist (Elf:1)
  4 dire elephants (Lair:6)
  An ogre mage (D:15)
  20 hydras
  5 centaur warriors
  11 alligators
  8 two-headed ogres
  A ghost crab (Swamp:1)
  2 shambling mangroves
  8 dancing weapons
  A tengu warrior (D:15)
  2 anacondas
  A death yak (IceCv)
  A thrashing horror (Abyss:3)
  An orc high priest (Orc:2)
  A naga sharpshooter (Snake:1)
  Urug (Lair:3)
  The ghost of fly the Ruffian, a novice TrDe of Uskayaw (D:8)
  A shock serpent (Snake:1)
  6 deep elf knights
  A wretched star (Abyss:3)
  2 unseen horrors
  An unseen horror (shapeshifter) (D:15)
  A deep troll (shapeshifter) (Elf:1)
  2 spriggan druids
  A skeletal warrior (D:14)
  6 deep elf archers (Elf:1)
  2 wizards
  A lindwurm (Lair:6)
  4 swamp dragons
  A harpy (Elf:1)
  3 orc knights
  13 ugly things
  A large abomination (Abyss:3)
  6 orc sorcerers
  42 deep elf magi
  4 cyclopes
  An oklob plant (Lair:6)
  4 centaur zombies
  26 elephants
  2 ice statues (IceCv)
  An orange demon (Abyss:3)
  3 gargoyles
  2 smoke demons (Abyss:3)
  A naga mage (D:15)
  3 black mambas
  17 cane toads
  An efreet (D:11)
  7 komodo dragons
  8 rime drakes
  A kobold demonologist (D:11)
  An ancient zyme (Abyss:3)
  10 trolls
  A polar bear (Lair:5)
  15 hornets
  6 tyrant leeches
  26 slime creatures
  Prince Ribbit (D:7)
  6 bog bodies
  A raiju (Abyss:3)
  6 blink frogs
  4 hippogriffs
  A ynoxinul (Abyss:3)
  Sigmund (D:2)
  10 spriggans
  4 shadows
  4 water elementals
  An air elemental (Elf:2)
  6 basilisks
  A vampire (D:13)
  11 wraiths
  3 wyverns
  3 fire elementals
  69 yaks
  16 humans (D:14)
  4 insubstantial wisps (Swamp:1)
  33 vampire mosquitoes
  15 swamp worms
  4 wargs
  2 nagas
  3 porcupines
  Duvessa (D:5)
  15 water moccasins
  A small abomination (Abyss:3)
  A floating eye (shapeshifter) (D:15)
  An eye of draining (D:12)
  24 orc warriors
  5 sky beasts
  12 swamp drakes
  18 ice beasts
  A black bear (D:10)
  6 phantoms
  17 centaurs
  11 ogres
  21 wolves
  15 crocodiles
  3 big kobolds
  16 bullfrogs
  3 gnoll sergeants (D:7)
  Dowan (D:5)
  4 scorpions
  7 wights
  3 howler monkeys
  A lava snake (D:9)
  2 quasits
  A bullfrog zombie (D:9)
  4 jellies
  Crazy Yiuf (D:2)
  13 hounds
  16 orc priests
  9 centaur skeletons
  2 gnoll shamans (D:7)
  25 orc wizards
  2 bullfrog skeletons
  An iron imp (Abyss:3)
  Jessica (D:2)
  6 iguanas
  Natasha (thrice) (D:2)
  14 worker ants
  A killer bee zombie (D:7)
  2 hound zombies
  2 hound skeletons
  2 worker ant zombies
  2 howler monkey skeletons
  18 adders
  24 gnolls
  6 river rats
  4 shadow imps
  4 white imps
  2 ufetubi
  3 oozes
  An adder zombie (D:6)
  3 worms (D:2)
  6 leopard geckos
  94 orcs
  5 giant cockroaches
  4 goblins
  11 hobgoblins
  13 jackals
  18 kobolds
  10 quokkas
  8 ball pythons
  9 bats
  6 frilled lizards
  A jackal zombie (D:6)
  27 rats
1091 creatures vanquished.

Vanquished Creatures (collateral kills)
  A deep elf mage (Elf:1)
1 creature vanquished.

Vanquished Creatures (others)
  An alligator (Swamp:3)
  A deep elf mage (Elf:1)
  2 rime drakes (Lair:5)
  A large abomination (Abyss:3)
  A bog body (Swamp:4)
  A shadow (D:14)
  5 humans (Lair:5)
  2 small abominations (Abyss:3)
  An orc (Orc:1)
  2 bushes (Lair:6)
  70 fungi
  78 plants
  37 starspawn tentacles (Abyss:3)
  5 toadstools (D:3)
207 creatures vanquished.

Grand Total: 1299 creatures vanquished

Notes
Turn   | Place    | Note
-------+----------+-------------------------------------------
     0 | D:1      | GeoCrane the Gargoyle Fighter began the quest for the Orb.
     0 | D:1      | Reached XP level 1. HP: 14/14 MP: 1/1
    99 | D:1      | Reached XP level 2. HP: 19/19 MP: 2/2
   479 | D:1      | Reached XP level 3. HP: 23/23 MP: 3/3
   892 | D:2      | Reached skill level 3 in Maces & Flails
   907 | D:2      | Reached XP level 4. HP: 29/29 MP: 4/4
  1015 | D:2      | Found a runed translucent door.
  1016 | D:2      | Noticed Crazy Yiuf
  1035 | D:2      | Noticed Natasha
  1174 | D:2      | Killed Natasha
  1295 | D:2      | Noticed Sigmund
  1328 | D:2      | Killed Sigmund
  1328 | D:2      | Reached skill level 4 in Maces & Flails
  1328 | D:2      | Reached XP level 5. HP: 29/34 MP: 5/5
  1328 | D:2      | Reached XP level 6. HP: 33/39 MP: 6/6
  1435 | D:2      | Noticed Jessica
  1439 | D:2      | Killed Jessica
  1629 | D:2      | Noticed Natasha
  1641 | D:2      | Killed Natasha
  1655 | D:2      | Noticed Natasha
  1918 | D:3      | Found a glowing golden altar of the Shining One.
  2523 | D:3      | Found a glowing drain.
  2532 | Sewer    | Entered a sewer
  2676 | Sewer    | Reached XP level 7. HP: 17/44 MP: 7/7
  3236 | Sewer    | Reached skill level 5 in Fighting
  3236 | Sewer    | Reached skill level 5 in Maces & Flails
  3433 | Sewer    | Reached skill level 5 in Armour
  3718 | Sewer    | Reached skill level 5 in Shields
  4150 | D:4      | Found a staircase to the Ecumenical Temple.
  4159 | Temple   | Entered the Ecumenical Temple
  4221 | Temple   | Became a worshipper of Warmaster Okawaru
  4426 | D:4      | Found an iron altar of Okawaru.
  4431 | D:4      | Got a smoking mace
  4432 | D:4      | Identified the +5 mace of Darkness {freeze, *Drain Str+6
                  | Dex+4 Stlth+} (You found it on level 4 of the Dungeon)
  4737 | D:4      | Reached XP level 8. HP: 50/50 MP: 8/8
  4905 | D:5      | Entered Level 5 of the Dungeon
  4919 | D:5      | Reached skill level 6 in Maces & Flails
  5012 | D:5      | Found Maetzukk's Armour Shop.
  5018 | D:5      | Noticed Duvessa
  5025 | D:5      | Noticed Dowan
  5730 | D:5      | Noticed a yak
  5736 | D:5      | Noticed a yak
  5741 | D:5      | Killed a yak
  5741 | D:5      | Reached * piety under Okawaru
  5741 | D:5      | Reached skill level 7 in Maces & Flails
  5748 | D:5      | Noticed a yak
  5748 | D:5      | Noticed a yak
  5748 | D:5      | Noticed a yak
  5758 | D:5      | Noticed a yak
  5768 | D:5      | Killed a yak
  5790 | D:4      | Killed a yak
  5938 | D:4      | Killed a yak
  5938 | D:4      | Reached skill level 8 in Maces & Flails
  5938 | D:4      | Reached XP level 9. HP: 46/57 MP: 9/9
  6007 | D:4      | Reached ** piety under Okawaru
  6296 | D:5      | Killed Dowan
  6335 | D:5      | Killed Duvessa
  6335 | D:5      | Reached skill level 9 in Maces & Flails
  7551 | D:7      | Reached skill level 10 in Maces & Flails
  7551 | D:7      | Reached *** piety under Okawaru
  7551 | D:7      | Reached XP level 10. HP: 48/65 MP: 10/10
  7551 | D:7      | Killed Prince Ribbit
  7880 | D:7      | Reached skill level 11 in Maces & Flails
  8054 | D:6      | Reached **** piety under Okawaru
  8605 | D:7      | Found Taclammi's Assorted Antiques.
  8613 | D:7      | Bought a scroll labeled RIWUCY VUAMI for 24 gold pieces
  8948 | D:8      | Reached skill level 12 in Maces & Flails
  8988 | D:8      | Reached skill level 10 in Fighting
  9101 | D:8      | Found a runed translucent gate.
  9101 | D:8      | Found a runed translucent gate.
  9101 | D:8      | Found a runed translucent gate.
  9102 | D:8      | Noticed fly's ghost (novice TrDe)
  9156 | D:8      | Found a bloodstained altar of Trog.
  9173 | D:8      | Found a shimmering blue altar of Sif Muna.
  9174 | D:8      | Found a glowing silver altar of Zin.
  9176 | D:8      | Found a radiant altar of Vehumet.
  9177 | D:8      | Found a shimmering altar of Xom.
  9178 | D:8      | Found a sacrificial altar of Ru.
  9205 | D:8      | Reached ***** piety under Okawaru
  9412 | D:9      | Found a staircase to the Orcish Mines.
  9476 | D:9      | Reached XP level 11. HP: 68/73 MP: 11/11
 10118 | D:9      | Reached skill level 13 in Maces & Flails
 10287 | D:10     | Entered Level 10 of the Dungeon
 11193 | D:10     | Noticed a two-headed ogre
 11225 | D:10     | Killed a two-headed ogre
 11542 | D:10     | Received a gift from Okawaru
 12084 | D:11     | Noticed a cyclops
 12101 | D:11     | Killed a cyclops
 12210 | D:11     | Noticed a centaur warrior
 12212 | D:11     | Noticed a centaur warrior
 12215 | D:11     | Reached skill level 14 in Maces & Flails
 12224 | D:11     | Killed a centaur warrior
 12253 | D:11     | Killed a centaur warrior
 12253 | D:11     | Reached XP level 12. HP: 47/81 MP: 12/12
 12476 | D:11     | Got a slimy mace
 12476 | D:11     | Got a smoking longbow
 12477 | D:11     | Identified the cursed +1 mace of Hatred {speed, rPois rF-
                  | rC++ Dex+4} (You found it on level 11 of the Dungeon)
 12478 | D:11     | Identified the +7 longbow "Faijitu" {venom, rF+ MR- Dex+3}
                  | (You found it on level 11 of the Dungeon)
 12670 | D:11     | Got a pair of ancient gloves
 12676 | D:11     | Identified the cursed -3 pair of gloves of Gufupt {*Corrode
                  | rElec rF+ Regen+} (You found it on level 11 of the Dungeon)
 12706 | D:11     | Identified a +0 pair of boots of running (You found it on
                  | level 11 of the Dungeon)
 13245 | D:11     | Reached skill level 15 in Maces & Flails
 13567 | D:11     | Found a staircase to the Lair.
 13641 | D:11     | Upgraded the game from 0.26-a0-591-g04f19ec95a to
                  | 0.26-a0-597-gb535b0901c
 13676 | Orc:1    | Entered Level 1 of the Orcish Mines
 14139 | Orc:1    | Received a gift from Okawaru
 14539 | Orc:2    | Entered Level 2 of the Orcish Mines
 14663 | Orc:1    | Reached skill level 1 in Evocations
 14666 | Orc:2    | Noticed a sun demon
 14762 | Orc:1    | Paralysed by an orc sorcerer for 4 turns
 14768 | Orc:1    | Reached ****** piety under Okawaru
 15064 | Orc:2    | Reached skill level 1 in Invocations
 15095 | Orc:1    | Received a gift from Okawaru
 15299 | Orc:1    | Reached skill level 1 in Throwing
 15510 | Orc:2    | Noticed an orc warlord
 15738 | Orc:1    | Killed an orc warlord
 16062 | Orc:2    | Reached XP level 13. HP: 86/87 MP: 14/14
 16112 | Orc:2    | Found Oladghyep's Antique Armour Shop.
 16112 | Orc:2    | Found a roughly hewn altar of Beogh.
 16116 | Orc:2    | Found Picvem's Antique Weapon Boutique.
 16228 | Orc:2    | Found a roughly hewn altar of Beogh.
 16447 | Orc:2    | Found a roughly hewn altar of Beogh.
 16593 | Orc:2    | Found a roughly hewn altar of Beogh.
 16752 | Orc:2    | Found Joitolegh's Assorted Antiques.
 16757 | Orc:2    | Bought a scroll labeled SICKUTR UHUEWN for 32 gold pieces
 16941 | Orc:2    | Found a staircase to the Elven Halls.
 16998 | Orc:2    | Found a roughly hewn altar of Beogh.
 17153 | Orc:2    | Found a roughly hewn altar of Beogh.
 17174 | Orc:2    | Found Joadamuk's Gadget Emporium.
 17336 | Lair:1   | Entered Level 1 of the Lair of Beasts
 17426 | Lair:1   | You fall into a shaft and drop 1 floor!
 19465 | Lair:3   | Noticed Urug
 19486 | Lair:3   | Killed Urug
 19657 | Lair:2   | Received a gift from Okawaru
 19828 | Lair:3   | Got a translucent leather armour
 19844 | Lair:3   | Identified the +2 leather armour of Protective Custody
                  | {rPois MR- Str-3 Dex+10} (You found it on level 3 of the
                  | Lair of Beasts)
 20199 | Lair:4   | Received a gift from Okawaru
 20444 | Lair:4   | Found a sparkling altar of Nemelex Xobeh.
 20456 | Lair:4   | Found a staircase to the Snake Pit.
 20636 | Lair:4   | Found a staircase to the Swamp.
 20706 | Lair:4   | Reached skill level 16 in Maces & Flails
 20892 | Lair:4   | Received a gift from Okawaru
 20892 | Lair:4   | Gained mutation: Your large and strong wings let you fly
                  | indefinitely. [Gargoyle growth]
 20892 | Lair:4   | Reached XP level 14. HP: 63/94 MP: 15/15
 21539 | Lair:5   | Noticed Kirke
 21559 | Lair:5   | Killed Kirke
 22184 | Lair:5   | Received a gift from Okawaru
 22535 | Lair:6   | Entered Level 6 of the Lair of Beasts
 22599 | Lair:6   | Reached skill level 5 in Evocations
 22750 | Lair:6   | Reached skill level 5 in Throwing
 23147 | Lair:6   | Reached skill level 10 in Armour
 23242 | Lair:6   | Received a gift from Okawaru
 23339 | Lair:6   | Received a gift from Okawaru
 23345 | Lair:6   | Found a staircase to the Slime Pits.
 24095 | Lair:6   | Reached XP level 15. HP: 77/100 MP: 16/16
 25579 | Snake:1  | Entered Level 1 of the Snake Pit
 25639 | Swamp:1  | Entered Level 1 of the Swamp
 25677 | Swamp:1  | Received a gift from Okawaru
 26649 | Swamp:1  | Received a gift from Okawaru
 26665 | Swamp:1  | Got a shimmering eveningstar {god gift}
 26666 | Swamp:1  | Identified the +4 eveningstar of the Magi {protect, +Rage
                  | +Inv Str+5 Int-3} (Okawaru gifted it to you on level 1 of
                  | the Swamp)
 26913 | Swamp:1  | Found a runed translucent door.
 26913 | Swamp:1  | Noticed Laurphith's ghost (adept DsAK)
 26998 | Swamp:2  | Noticed a thorn hunter
 27009 | Swamp:2  | Killed a thorn hunter
 27176 | Swamp:2  | Noticed a thorn hunter
 27206 | Swamp:1  | Killed a thorn hunter
 27827 | Swamp:2  | Received a gift from Okawaru
 28187 | Swamp:2  | Reached XP level 16. HP: 106/107 MP: 17/17
 28212 | Swamp:2  | Reached skill level 10 in Shields
 29534 | Swamp:3  | Received a gift from Okawaru
 29659 | Swamp:3  | Received a gift from Okawaru
 29988 | Swamp:4  | Entered Level 4 of the Swamp
 30006 | Swamp:4  | Noticed Mara
 30008 | Swamp:4  | Noticed GeoCrane's illusion
 30404 | D:2      | Killed Natasha
 30485 | D:2      | Killed Crazy Yiuf
 30675 | D:8      | Killed fly's ghost
 30675 | D:8      | Reached skill level 17 in Maces & Flails
 30761 | D:12     | Found a frozen archway.
 30809 | D:12     | Found Wulic's General Store.
 30842 | IceCv    | Entered an ice cave
 31574 | D:12     | Received a gift from Okawaru
 31809 | D:12     | Received a gift from Okawaru
 31848 | D:12     | Got a pair of jewelled boots {god gift}
 31859 | D:12     | Identified the +2 pair of boots "Igomn" {MR+} (Okawaru
                  | gifted it to you on level 12 of the Dungeon)
 32004 | D:12     | Found Noheaneg's Antique Weapon Boutique.
 32202 | D:12     | Found Ziok's Magic Scroll Shoppe.
 32654 | D:12     | Reached skill level 15 in Fighting
 32879 | D:13     | Found a transporter.
 32904 | D:13     | Found a transporter.
 32906 | D:13     | Identified the +3 scimitar of Siafiq {distort, rElec rC-
                  | SInv Stlth+}
 33257 | D:13     | Found a one-way gate to the infinite horrors of the Abyss.
 33555 | D:13     | Noticed Hecam's ghost (novice TeWz)
 33572 | D:14     | Found a gate to the Vaults.
 34315 | D:14     | Found Geweeq's Assorted Antiques.
 34464 | D:14     | Reached XP level 17. HP: 113/113 MP: 18/18
 34613 | D:14     | Received a gift from Okawaru
 34838 | D:14     | Found an ornate altar of the Wu Jian Council.
 35197 | D:15     | Entered Level 15 of the Dungeon
 35461 | D:15     | Found a runed translucent gate.
 35464 | D:15     | Noticed Deruyraw's ghost (journeyman GrEE)
 35723 | D:15     | Found a runed translucent gate.
 35723 | D:15     | Found a runed translucent gate.
 35806 | D:15     | Gained mutation: [You tend to lose your temper in combat.]
                  | [a neqoxec]
 36247 | D:15     | Found a staircase to the Depths.
 36493 | D:12     | Bought a twisted morningstar for 234 gold pieces
 36493 | D:12     | Identified the cursed +3 morningstar "Yfuoguat" {antimagic,
                  | rC+ Str+6 Dex-2} (You bought it in a shop on level 12 of
                  | the Dungeon)
 36668 | Swamp:1  | Cast into level 3 of the Abyss (Laurphith's ghost)
 36882 | Swamp:1  | Escaped the Abyss
 36891 | Swamp:1  | Got a steaming mace
 37108 | Swamp:2  | Identified the +0 mace of Gravity {vorpal, rF++ MR+} (You
                  | found it on level 1 of the Swamp)
 37780 | Snake:1  | Got a jet-encrusted scale mail
 37791 | Snake:1  | Identified the +5 scale mail "Zealae" {+Inv MR+} (You found
                  | it on level 1 of the Snake Pit)
 37970 | Elf:1    | Entered Level 1 of the Elven Halls
 37975 | Elf:1    | Received a gift from Okawaru
 37980 | Elf:1    | Gained mutation: Your spells are a little harder to cast,
                  | but a little more powerful. [a shining eye]
 38362 | Elf:1    | Identified a scroll of acquirement
 38362 | Elf:1    | Acquired a manual of Shields
 38692 | Elf:1    | Noticed a Brimstone Fiend
 38701 | Elf:1    | Noticed an Ice Fiend
 39894 | Elf:1    | Identified Sif Muna's Guide on Battle Magic
 40099 | Elf:1    | Lost mutation: [You tend to lose your temper in combat.]
                  | [potion of mutation]
 40099 | Elf:1    | Lost mutation: Your spells are a little harder to cast, but
                  | a little more powerful. [potion of mutation]
 40099 | Elf:1    | Gained mutation: Your mind is acute. (Int +2) [potion of
                  | mutation]
 40099 | Elf:1    | Gained mutation: You expend magic power (3 MP) to
                  | strengthen your wands. [potion of mutation]
 40110 | Elf:2    | Found a runed translucent door.
 40232 | Elf:2    | Found a runed translucent door.
 40273 | Elf:2    | Received a gift from Okawaru
 40397 | Elf:2    | Reached XP level 18. HP: 82/120 MP: 19/19
 40962 | Elf:1    | Received a gift from Okawaru
 41430 | Elf:2    | Cast into level 3 of the Abyss (+2 morningstar of
                  | distortion)
 41575 | Abyss:3  | Found a sparkling altar of Nemelex Xobeh.
 41749 | Abyss:3  | Noticed a bone dragon
 41783 | Abyss:3  | Noticed a bone dragon
 42186 | Abyss:3  | HP: 1/84 [spatial maelstrom (11)]
 42420 | Abyss:3  | Noticed a deep elf blademaster
 42430 | Abyss:3  | Noticed a deep elf blademaster
 42434 | Abyss:3  | HP: 1/84 [deep elf blademaster/+1 short sword of freezing
                  | (6)]
 42434 | Abyss:3  | Slain by a deep elf blademaster

Illustrated notes

Levels and vault maps discovered:
D:1:      evilmike_arrival_crescent, layout_basic
D:2:      layout_loops_ring, minmay_close_crescents, uniq_sigmund,
          uniq_crazy_yiuf_cottage, uniq_natasha, uniq_jessica
D:3:      layout_basic, nicolae_overflow_crystal_walls, gup_sewer_entry_bowl,
          minmay_misc_feat_cross, minmay_gold_behind_fungi, st_stairs_14,
          corexii_item_surrounded_by_moat
D:4:      layout_loops_ring, minmay_temple_entry_glass,
          okawaru_ov_weapons_minmay
D:5:      layout_loops_ring, serial_shops, shop, uniq_duvessa
D:6:      layout_cave_pools, grunt_ministairs_13
D:7:      layout_cave_pools, serial_gnoll_camp, gnoll_camp_huts_basic,
          gnoll_camp_mini_loothouse, gnoll_camp_mini_shop,
          gnoll_camp_mini_sergeant, uniq_prince_ribbit1
D:8:      layout_cave_pools, minitemple, gammafunk_ghost_spectres
D:9:      layout_loops_ring, orc_0_dummy, nicolae_lava_and_water,
          serial_bayou_pond_c
D:10:     layout_irregular_city
D:11:     minmay_the_grid_plus [minmay_the_grid_spikes, minmay_the_grid_gridbox,
          minmay_the_grid_armoury, minmay_the_grid_small_cups,
          minmay_the_grid_prize_four_corners_diamond_b], layout_loops_cross,
          lair_entry_dummy, hangedman_decor_opposing
D:12:     layout_loops_ring, portal_ice_cave_entry_pillars_1, serial_shops,
          nicolae_shop_crystal, shop_coins, shop_statue
D:13:     layout_stronghold, gammafunk_ghost_abyssal_escape
D:14:     layout_long_grid, david_vaults_3, serial_shops, shop,
          lemuel_tele_altar, drop_trap
D:15:     grunt_enter_depths_magical_seal, layout_irregular_city,
          serial_bayou_shore_b, gammafunk_ghost_split, grunt_decor_one_mirror
Temple:   regret_index_temple_waves
Lair:1:   layout_cave_pods, grunt_megastairs_1
Lair:2:   layout_cave_pods, serial_bayou_shore_b, grunt_megastairs_2,
          serial_bayou_shore_b
Lair:3:   layout_layer_cave, uniq_urug
Lair:4:   onia_ninara_swampy_vault, layout_gridlike, minmay_swamp_entry_swarm,
          guppyfry_snake_entry_island, basic_altar, minivault_19,
          infiniplex_staircase_pool
Lair:5:   layout_gridlike, minmay_lair_drake_nest, uniq_kirke
Lair:6:   due_jungle_book, layout_regular_city, minmay_slime_entry_pillars,
          serial_bayou_shore_b, grunt_megastairs_5
Swamp:1:  layout_falls_marsh, gammafunk_ghost_grave, nicolae_swamp_fairy_circle
Swamp:2:  layout_basic_swamp, evilmike_swamp_ruin_rubble_2
Swamp:3:  layout_falls_marsh, nicolae_swamp_feature_on_the_river_bank
Swamp:4:  grunt_swamp_rune_castle, layout_basic_swamp, swamp_pool3, uniq_mara
Snake:1:  layout_honeycomb, serial_shops, shop, nicolae_snake_squiggles,
          uniq_donald
Orc:1:    layout_caves
Orc:2:    grunt_orc_community_town_hall, layout_caves,
          grunt_orc_community_big_house_2, grunt_orc_community_big_house_2,
          grunt_orc_community_house_3, grunt_orc_community_house_1,
          grunt_orc_community_house_1, grunt_orc_community_house_2
Elf:1:    eino_elf_arrival_the_gate, layout_geoelf_octagon, minmay_elf_sorcery
Elf:2:    layout_loops_cross, uniq_agnes
Abyss:3:  base: D:14, evilmike_abyss_rune_tso_outpost,
          hangedman_abyss_or_decor_stabs, base: Lair:2, patterned_corridor,
          lemuel_flamethrower_3, hangedman_decor_points, evilmike_abyss_exit_9,
          hangedman_abyss_rune_flesh_and_stone, evilmike_abyss_rune_ettins,
          evilmike_abyss_rune_ettins, nicolae_abyss_rune_left_handed,
          evilmike_abyss_exit_10, grunt_abyss_rune_forest_and_sorcery

Skill      XL: |  1  2  3  4  5  6  7  8  9 10 11 12 13 14 15 16 17 18 |
---------------+-------------------------------------------------------+-----
Maces & Flails | 3 4 5 8 10 12 14 15 16 17 | 17.7
Fighting       | 4 5 7 8 10 11 12 13 14 15 | 15.8
Armour         | 4 5 8 10 12 13 14 | 14.9
Shields        | 4 5 7 8 9 10 12 13 | 13.1
Evocations     | 2 4 5 7 8 9 |  9.2
Invocations    | 2 |  2.5
Throwing       | 1 4 5 7 8 9 |  9.3

Action                   |  1- 3 |  4- 6 |  7- 9 | 10-12 | 13-15 | 16-18 || total
-------------------------+-------+-------+-------+-------+-------+-------++-------
Melee: Flail             |   122 |   248 |   191 |       |       |       ||   561
       Unarmed           |       |     5 |       |       |     2 |       ||     7
       Mace              |       |       |   277 |   841 |  1266 |   479 ||  2863
       Eveningstar       |       |       |       |       |   164 |   875 ||  1039
Throw: Dart              |       |       |    11 |   134 |    80 |   524 ||   749
       Javelin           |       |       |       |     1 |   130 |     6 ||   137
       Boomerang         |       |       |       |       |     1 |    42 ||    43
       Throwing net      |       |       |       |       |       |     1 ||     1
Invok: Heroism           |       |       |       |     1 |     1 |     1 ||     3
 Abil: Fly               |       |       |       |       |     1 |       ||     1
       Evoke Berserk Rag |       |       |       |       |     2 |       ||     2
Evoke: Wand              |       |       |       |     6 |       |    15 ||    21
       Condenser vane    |       |       |       |       |     1 |     3 ||     4
       Tin of tremorston |       |       |       |       |       |     7 ||     7
  Use: Potion            |       |     1 |       |     5 |       |    12 ||    18
       Scroll            |       |     5 |    12 |     7 |     7 |    17 ||    48
 Stab: Confused          |       |       |       |       |     2 |     3 ||     5
Armor: Scale mail        |    57 |   130 |   304 |       |       |   438 ||   929
       Chain mail        |       |       |    12 |   192 |       |       ||   204
       Ring mail         |       |       |       |   101 |       |       ||   101
       Plate armour      |       |       |       |     5 |   796 |   577 ||  1378
       Skin              |       |       |       |       |     3 |       ||     3
Dodge: Dodged            |    43 |    91 |   197 |   110 |   255 |   394 ||  1090
Block: Kite shield       |    73 |   185 |   337 |   373 |   794 |   622 ||  2384
       Buckler           |       |       |       |       |       |   205 ||   205
       Reflection        |       |       |       |       |       |     9 ||     9

Table legend: (Time is in decaauts)
 A = Elapsed time spent in this place.
 B = Non-inter-level travel time spent in this place.
 C = Inter-level travel time spent in this place.
 D = Time resting spent in this place.
 E = Time spent auto-exploring this place.
 F = Levels seen in this place.
 G = Mean time per level.
                   A        B        C        D        E       F      G
               +--------+--------+--------+--------+--------+-----+--------+
         Total |  41067 |  39205 |   1862 |  10016 |  19579 |  35 | 1173.3 |
       Dungeon |  18029 |  17065 |    964 |   3765 |   9242 |  15 | 1201.9 |
        Temple |    136 |    117 |     19 |      0 |     84 |   1 |  136.0 |
          Lair |   8096 |   7632 |    464 |    907 |   5209 |   6 | 1349.3 |
         Swamp |   4771 |   4506 |    265 |   1471 |   1992 |   4 | 1192.8 |
     Snake Pit |    192 |    178 |     14 |      0 |    120 |   1 |  192.0 |
  Orcish Mines |   3325 |   3213 |    112 |   1166 |   1241 |   2 | 1662.5 |
   Elven Halls |   3240 |   3218 |     22 |   1778 |    581 |   2 | 1620.0 |
         Abyss |   1220 |   1220 |      0 |    758 |      0 |   2 |  610.0 |
         Sewer |   1434 |   1434 |      0 |      0 |    836 |   1 | 1434.0 |
      Ice Cave |    620 |    620 |      0 |    169 |    272 |   1 |  620.0 |
               +--------+--------+--------+--------+--------+-----+--------+

Top non-repeatable levels by time:
  Lair:6: 2555 daAuts
   Elf:1: 2475 daAuts
    D:10: 1812 daAuts
   Orc:2: 1762 daAuts
 Swamp:2: 1684 daAuts
    D:11: 1602 daAuts
     D:6: 1574 daAuts
   Orc:1: 1563 daAuts
  Lair:4: 1529 daAuts
 Swamp:1: 1508 daAuts
   Sewer: 1434 daAuts
    D:13: 1382 daAuts
  Lair:5: 1338 daAuts
 Swamp:3: 1251 daAuts
    D:12: 1236 daAuts
